 Dungeon Crawl Stone Soup version 0.21.1-1-g345015fe64 (webtiles) character file.

16 Ivernyr the Ogre Mage (level 2, 0/26 HPs)
             Began as an Ogre Wizard on May 6, 2018.
             Slain by a frilled lizard (1 damage)
             ... on level 1 of the Dungeon.
             The game lasted 00:04:49 (647 turns).

Ivernyr the Ogre Mage (Ogre Wizard)                  Turns: 647, Time: 00:04:49

Health: 0/26       AC:  3    Str: 10    XL:     2   Next: 54%
Magic:  0/7        EV: 10    Int: 19    God:
Gold:   0          SH:  0    Dex:  7    Spells: 6/9 levels left

rFire    . . .     SeeInvis .   (no weapon)
rCold    . . .     Gourm    .   (no shield)
rNeg     . . .     Faith    .   a - +0 robe
rPois    .         Spirit   .   b - +0 hat
rElec    .         Reflect  .   (no cloak)
rCorr    .         Harm     .   (gloves unavailable)
MR       .....                  (boots unavailable)
Stlth    +.........             (no amulet)
HPRegen  0.08/turn              (no ring)
MPRegen  0.10/turn              (no ring)

@: no status effects
A: large, unfitting armour, tough skin 1
a: no special abilities


You were on level 1 of the Dungeon.
You were not hungry.

You visited 1 branch of the dungeon, and saw 1 of its levels.

Inventory:

Armour
 a - a +0 robe (worn)
 b - a +0 hat (worn)
Scrolls
 e - 4 scrolls of identify {unknown}
 g - a scroll of magic mapping {unknown}
 h - 3 scrolls of remove curse {unknown}
 m - a scroll of teleportation {unknown}
Potions
 f - 2 potions of curing {unknown}
 i - a potion of might {unknown}
 j - a potion of invisibility {unknown}
 k - a potion of ambrosia {unknown}
 l - a potion of lignification {unknown}
Books
 c - a book of Minor Magic

   Spells                             Type                      Level
   a - Magic Dart                     Conjuration                  1
   b - Blink                          Translocation                2
   c - Call Imp                       Summoning                    2
   d - Slow                           Hexes                        2
   e - Conjure Flame                  Conjuration/Fire             3
   f - Mephitic Cloud                 Conjuration/Poison/Air       3
Comestibles
 d - 2 rations


   Skills:
 + Level 0.5 Fighting
 - Level 2.0 Dodging
 - Level 1.4 Stealth
 * Level 4.1 Spellcasting
 + Level 1.2 Conjurations
   Level 0.8 Summonings
 - Level 0.8 Translocations


You had 6 spell levels left.
You knew the following spells:

 Your Spells              Type           Power        Failure   Level  Hunger
a - Magic Dart            Conj           #...         9%          1    None
b - Blink                 Tloc           N/A          14%         2    ##.....


Dungeon Overview and Level Annotations

Branches:
Dungeon (1/15)

Altars:


Innate Abilities, Weirdness & Mutations

You are too large for most types of armour.
You have tough skin. (AC +1)


Message History

The bat barely misses you. x2
The bat hits you.
* * * LOW HITPOINT WARNING * * *
The bat barely misses you.
Casting: Magic Dart
Confirm with . or Enter, or press ? or * to list all spells.
Aiming: Magic Dart
Press: ? - help, Shift-Dir - straight line, f - bat
Aim: a bat (heavily wounded)
The magic dart hits the bat.
The bat is heavily wounded.
The bat hits you but does no damage. The bat closely misses you. x2
The bat closely misses you. The bat barely misses you.
Your magical contamination has completely faded away.
The bat hits you.
* * * LOW HITPOINT WARNING * * *
The frilled lizard bites you.
You die...

# #........###....# #.##
####....(......).[.########.#
...........>................#
.####+#####...........#######
..##..................#
..##.............######
..##.............#
..##...........l.#####
...#...........b@....#
...#.........##...##.#
...#.........##...##.#####
...#.........##...##.#...#
...##'#########...##.#.#.#
...##.......# #...##...#.#
...##.......# #...######.#
...##.......# #...# ####.#
...##.####### #....#


You could see a bat and a frilled lizard.

Vanquished Creatures
  A bat (D:1)
  2 goblins (D:1)
  A hobgoblin (D:1)
  5 jackals (D:1)
  A frilled lizard (D:1)
  A kobold (D:1)
  3 rats (D:1)
14 creatures vanquished.

Vanquished Creatures (others)
  A rat (D:1)
1 creature vanquished.

Grand Total: 15 creatures vanquished

Notes
Turn   | Place    | Note
-------+----------+-------------------------------------------
     0 | D:1      | Ivernyr the Ogre Wizard began the quest for the Orb.
     0 | D:1      | Reached XP level 1. HP: 16/16 MP: 5/5
    85 | D:1      | Reached skill level 1 in Conjurations
   326 | D:1      | Reached XP level 2. HP: 24/24 MP: 3/6
   458 | D:1      | Learned a level 2 spell: Blink
   482 | D:1      | Reached skill level 4 in Spellcasting
   646 | D:1      | HP: 1/26 [bat (1)]
   647 | D:1      | Slain by a frilled lizard

Skill      XL: |  1  2 |
---------------+-------+-----
Conjurations   | 1 |  1.2
Dodging        | 2 |  2.0
Spellcasting   | 4 |  4.1
Fighting       | |  0.5
Stealth        | |  1.4
Summonings     | |  0.8
Translocations | |  0.8

Action                   || total
-------------------------++-------
Melee: Unarmed           ||    35
 Cast: Magic Dart        ||    33
Armor: Robe              ||    23
Dodge: Dodged            ||    48
